 Dungeon Crawl Stone Soup version 0.27.1-2-g3b301248ec (webtiles) character file.

Game seed: 3112404648340840198

28 vvl the Ducker (level 3, 0/26 HPs)
             Began as an Octopode Fighter on Sept 30, 2021.
             Slain by an orc priest (4 damage)
             ... on level 2 of the Dungeon.
             The game lasted 00:01:39 (698 turns).

vvl the Ducker (Octopode Fighter)                    Turns: 698, Time: 00:01:40

Health: 0/26       AC:  1    Str: 16    XL:     3   Next: 14%
Magic:  3/3        EV: 11    Int: 10    God:
Gold:   35         SH:  8    Dex: 11    Spells: 2/2 levels left

rFire    . . .     SeeInvis .   a - +0 trident
rCold    . . .     Faith    .   b - +0 kite shield
rNeg     . . .     Spirit   .   (helmet restricted)
rPois    .         Reflect  .   (no amulet)
rElec    .         Harm     .   g - ring of flight
rCorr    .         Rampage  .   (no ring)
Will     .....                  (no ring)
Stlth    ++........             (no ring)
HPRegen  0.08/turn              (no ring)
MPRegen  0.08/turn              (no ring)
                                (no ring)
                                (no ring)

@: flying
A: almost no armour, amphibious, 8 rings, camouflage 1, gelatinous body 1,
(nimble swimmer 1), tentacles
a: no special abilities


You were on level 2 of the Dungeon.
You visited 1 branch of the dungeon, and saw 2 of its levels.

You collected 35 gold pieces.

Inventory:

Hand Weapons
 a - a +0 trident (weapon)
Armour
 b - a +0 kite shield (worn)
Jewellery
 g - a ring of flight (left tentacle)
Scrolls
 f - a scroll of amnesia {unknown}
 h - a scroll of identify {unknown}
Potions
 c - a potion of might
 d - a potion of degeneration {unknown}
 e - a potion of mutation {unknown}


   Skills:
 + Level 3.1 Fighting
 + Level 2.2 Polearms
 + Level 3.1 Dodging
 - Level 3.0 Shields
 * Level 1.5 Unarmed Combat
 + Level 0.4 Spellcasting
 + Level 0.6 Transmutations


You had 2 spell levels left.
You didn't know any spells.
Your spell library was empty.

Dungeon Overview and Level Annotations

Branches:
Dungeon (2/15)

Altars:


Innate Abilities, Weirdness & Mutations

You cannot wear most types of armour.
You are amphibious.
You can wear up to eight rings at the same time.
Your skin changes colour to match your surroundings (Stealth+).
Your rubbery body absorbs attacks. (AC +1, EV +1)
((You are camouflaged near water. (Stealth+)))
You have tentacles for arms and can constrict up to eight enemies at once.


Message History

The helpless bat fails to defend itself.
You puncture the bat!
You kill the bat!
No target in view!
No target in view!
No target in view!
An orc wizard comes into view. It is wielding a +0 dagger.
An orc wizard is nearby!
An orc wizard is nearby!
An orc wizard is nearby!
An orc comes into view. It is wielding a +0 short sword.
An orc, an orc priest and an orc wizard come into view.
The orc wizard shouts!
The orc wizard mumbles some strange words.
The orc wizard flickers and vanishes!
Deactivating autopickup; reactivate with Ctrl-A.
The orc shouts!
The orc priest shouts!
You hear some strange, mumbled words.
Something tries to affect you, but you resist.
Found 24 gold pieces.
You reach to attack!
The orc shouts!
You hit the orc wizard but do no damage.
You hit the orc wizard but do no damage.
Your grab misses the orc wizard. Your squeeze misses the orc wizard.
The orc barely misses you. The orc priest hits you with a +0 whip.
The orc wizard points at you and mumbles some strange words.
You resist with significant effort. You block the orc's attack.
The orc wizard casts a spell at you. The puff of flame hits you!
Ouch! That really hurt!
The orc priest closely misses you. Something hits you.
* * * LOW HITPOINT WARNING * * *
You barely miss the orc priest. You grab the orc priest.
You squeeze the orc priest.
The orc priest is moderately wounded.
You constrict the orc priest, but do no damage.
The orc barely misses you. Something hits you.
* * * LOW HITPOINT WARNING * * *
You block the orc wizard's attack. The orc priest hits you with a +0 whip.
You die...

#.#.....#
#.......#
......##...#
####[ ##..######
# ####..#.....
#.......########
#.##..#........#
# #.....#o..#..#
#.....@oo....$
#......o.....⌠
#............$
#..#..#...#..#
#...........##
##.#.########
#.#.. . #.# ##
#.


You could see an orc priest, an orc wizard and 2 orcs.

Vanquished Creatures
  2 endoplasms (D:1)
  4 goblins (D:1)
  2 hobgoblins (D:1)
  4 jackals (D:1)
  4 ball pythons (D:1)
  3 bats
  3 frilled lizards (D:1)
  3 kobolds (D:1)
  A rat (D:1)
26 creatures vanquished.

Notes
Turn   | Place    | Note
-------+----------+-------------------------------------------
     0 | D:1      | vvl the Octopode Fighter began the quest for the Orb.
     0 | D:1      | Reached XP level 1. HP: 16/16 MP: 1/1
   123 | D:1      | Reached XP level 2. HP: 21/21 MP: 2/2
   246 | D:1      | Reached skill level 1 in Unarmed Combat
   519 | D:1      | Reached XP level 3. HP: 23/26 MP: 3/3
   698 | D:2      | Slain by an orc priest

Illustrated notes

Levels and vault maps discovered:
D:1:      sevenhm_arrival_forest_fort_large_4, layout_basic
D:2:      cheibrodos_pilgrimage, layout_loops_ring,
          dreamdust_ecumenical_altar_angels_and_demons

Skill      XL: |  1  2 |
---------------+-------+-----
Unarmed Combat | 1 |  1.5
Fighting       | |  3.1
Polearms       | |  2.2
Dodging        | |  3.1
Shields        | |  3.0
Spellcasting   | |  0.4
Transmutations | |  0.6

Action                   || total
-------------------------++-------
Melee: Trident           ||    47
       Constrict         ||     9
       Tentacles         ||     5
 Stab: Sleeping          ||     9
       Distracted        ||     1
Armor: Skin              ||     1
Dodge: Dodged            ||    16
Block: Kite shield       ||    11
